 Seeded DCSS version 0.30-a0-964-gd452b5e7fa (webtiles) character file.

Game seed: 3125986916090331667 (custom seed)

158 Parcival the Chopper (level 5, -1/45 HPs)
             Began as a Minotaur Gladiator on Mar 30, 2023.
             Slain by an iguana (4 damage)
             ... on level 4 of the Dungeon.
             The game lasted 00:05:38 (2366 turns).

Parcival the Chopper (Minotaur Gladiator)           Turns: 2366, Time: 00:05:38

Health: -1/45      AC:  9    Str: 23    XL:     5   Next: 16%
Magic:  4/4        EV:  9    Int:  5    God:
Gold:   152        SH:  0    Dex: 12    Spells: 4/4 levels left

rFire   . . .      SeeInvis +    f - +16 obsidian axe {drain, demonic, Mesm Drain Fly SInv}
rCold   . . .      Faith    .    (no shield)
rNeg    . . .      Spirit   .    x - +1 chain mail of Supple Strength {Harm Str+3}
rPois   .          Reflect  .    c - +0 hat
rElec   .          Rampage  .    (no cloak)
rCorr   .          Harm     + .  (no gloves)
Will    .....                    (no boots) Stlth
                                 (no amulet)
HPRegen 0.27/turn                (no ring)
MPRegen 0.09/turn                (no ring)

@: flying, mesmerised, studying Fighting
A: horns 2, retaliatory headbutt
a: no special abilities


You were on level 4 of the Dungeon.
You visited 1 branch of the dungeon, and saw 4 of its levels.

You collected 152 gold pieces.

Inventory:

Hand Weapons
 a - a +1 war axe of venom
 f - the +16 obsidian axe (weapon) {drain, demonic, Mesm Drain Fly SInv}
   (You acquired it on level 1 of the Dungeon)

   Mesm:      Its wielder is mesmerised by any visible foes, and it cannot be
   unequipped while any foes are visible.
   SInv:      It lets you see invisible.
   Fly:       It grants you flight.
   Drain:     It drains your maximum health when unequipped.
Missiles
 d - 3 throwing nets (quivered)
 e - a javelin
Armour
 b - a +0 leather armour
 c - a +0 hat (worn)
 x - the +1 chain mail of Supple Strength (worn) {Harm Str+3}
   (You found it on level 3 of the Dungeon)

   Str:       It affects your strength (+3).
   Harm:      It increases damage dealt and taken.
Jewellery
 i - an amulet of magic regeneration
 k - a +6 ring of strength
 r - a ring of wizardry
 t - an amulet of guardian spirit
Wands
 p - a wand of flame (6)
Scrolls
 g - 3 scrolls of teleportation
Potions
 j - 2 potions of heal wounds
 l - a potion of might
 n - a potion of resistance
 o - 2 potions of lignification
 q - 2 potions of degeneration {unknown}
 w - a potion of brilliance {unknown}


   Skills:
 + Level 3.2 Fighting
 + Level 5.7 Axes
 + Level 2.0 Throwing
 + Level 2.0 Armour
 + Level 4.0 Dodging


You had 4 spell levels left.
You didn't know any spells.
Your spell library contained the following spells:

 Spells                   Type           Power      Damage    Failure   Level
 Sandblast                Erth           0%         2d4       99%         1
 Passwall                 Tmut/Erth      0%         N/A       100%        2
 Sublimation of Blood     Necr           0%         N/A       100%        2
 Stone Arrow              Conj/Erth      0%         3d7       100%        3
 Petrify                  Tmut/Erth      0%         N/A       100%        4
 Irradiate                Conj/Tmut      0%         3d11      100%        5


Dungeon Overview and Level Annotations

Branches:
Dungeon (4/15)
 Temple: D:4-7

Altars:
Okawaru

Shops:
D:3 :


Innate Abilities, Weirdness & Mutations

You have a pair of horns on your head.
You reflexively headbutt those who attack you in melee.


Message History

There is an open door here.
You barely miss the endoplasm. You headbutt the endoplasm.
The endoplasm is heavily wounded.
The endoplasm freezes you.
You are frozen.
The endoplasm barely misses you. You furiously retaliate!
You headbutt the endoplasm!
You are no longer entranced.
You kill the endoplasm!
HP restored.
You see here a +0 leather armour.
You pick up a book of Alchemy and begin reading...
You add the spells Sublimation of Blood, Petrify and Irradiate to your library.
An orc priest comes into view. It is wielding a +0 club.
Visions of slaying the orc priest flood into your mind.
The orc priest shouts!
The orc priest calls down the wrath of Beogh upon you.
Beogh smites you!
An iguana comes into view.
Visions of slaying the iguana flood into your mind.
The iguana hisses angrily.
A dart slug comes into view.
You break out of your daze!
The iguana moves out of view.
An orc comes into view. It is wielding a +0 hand axe.
Visions of slaying the iguana flood into your mind.
The orc shouts!
You hear a shout!
A centaur and an orc come into view.
The centaur shouts!
The centaur wields a +0 shortbow.
The centaur shoots an arrow.
The arrow hits you.
An orc priest comes into view. It is wielding a +0 mace.
The orc priest shouts!
The centaur shoots an arrow.
The arrow hits you!
* * * LOW HITPOINT WARNING * * *
The iguana closely misses you.
The centaur shoots an arrow.
The arrow hits you.
* * * LOW HITPOINT WARNING * * *
The centaur shoots an arrow.
The arrow hits you.
* * * LOW HITPOINT WARNING * * *
The iguana bites you.
You die...

######## ### #......#
...########......#
.........##......#####
.........##......#.(.#
.........##.....(#.#.###
.........##......#...[.#
..c...wl.##.....[###.#.#
.......@.........'......
.......o3##......###.#.#
.......o.##......# #<#.#
###......##......#####.#
#......##......##....)
#o.....##......##.#..#
#o.....##########.#..#
.......# #.#... #.##.#


You could see a centaur, an iguana (mesmerising), 2 orc priests, a dart slug, 2
orcs and a friendly neqoxec (summoned).

Vanquished Creatures
  Natasha (thrice) (D:2)
  A gnoll (D:1)
  An adder (D:2)
  A worm (D:2)
  A dart slug (D:2)
  An orc (D:3)
  5 endoplasms
  A giant cockroach (D:2)
  4 hobgoblins
  4 quokkas
  9 ball pythons
  4 bats
  2 frilled lizards
  8 goblins
  7 kobolds
  4 rats
56 creatures vanquished.

Vanquished Creatures (collateral kills)
  A goblin (D:1)
  A kobold (D:1)
2 creatures vanquished.

Vanquished Creatures (others)
  A plant (D:3)
1 creature vanquished.

Grand Total: 59 creatures vanquished

Notes
Turn   | Place    | Note
-------+----------+-------------------------------------------
     0 | D:1      | Parcival the Minotaur Gladiator began the quest for the
                  | Orb.
     0 | D:1      | Reached XP level 1. HP: 18/18 MP: 0/0
    19 | D:1      | Identified a scroll of acquirement
    19 | D:1      | Acquired the +16 obsidian axe {drain, demonic, Mesm Drain
                  | Fly SInv}
    19 | D:1      | Found the +16 obsidian axe {drain, demonic, Mesm Drain Fly
                  | SInv}
   151 | D:1      | Reached skill level 4 in Axes
   165 | D:1      | Reached XP level 2. HP: 21/25 MP: 1/1
   623 | D:1      | Reached XP level 3. HP: 28/30 MP: 2/2
  1067 | D:2      | Noticed Natasha
  1073 | D:2      | Killed Natasha
  1074 | D:2      | Reached skill level 5 in Axes
  1074 | D:2      | Reached skill level 1 in Armour
  1074 | D:2      | Reached XP level 4. HP: 25/37 MP: 3/3
  1173 | D:2      | Noticed Natasha
  1179 | D:2      | Killed Natasha
  1364 | D:2      | Noticed Natasha
  1366 | D:2      | Killed Natasha
  1367 | D:2      | Reached XP level 5. HP: 45/45 MP: 4/4
  1466 | D:2      | Acquired a manual of Fighting
  1507 | D:3      | Found an iron altar of Okawaru.
  1574 | D:3      | Identified the +1 chain mail of Supple Strength {Harm
                  | Str+3}
  1592 | D:3      | Found Digoh's Book Boutique.
  2364 | D:4      | Noticed a centaur
  2366 | D:4      | Slain by an iguana

Illustrated notes

Levels and vault maps discovered:
D:1:      amcnicky_arrival_single_pillar, layout_loops_cross,
          hangedman_glass_garden
D:2:      layout_loops_ring, dk_vineyard_1, uniq_natasha
D:3:      layout_basic, mainiacjoe_overflow_catwalk, serial_forest,
          infiniplex_forest_zigzag_1, infiniplex_forest_split,
          infiniplex_forest_end_double, infiniplex_forest_lined_room_,
          infiniplex_forest_corner_1, infiniplex_forest_lined_room_2,
          serial_shops, nicolae_shop_hallway_stairs
D:4:      layout_basic, old_standard_altar

Skill      XL: |  1  2  3  4  5 |
---------------+----------------+-----
Axes           | 4 5 |  5.7
Armour         | 1 2 |  2.0
Fighting       | 3 |  3.2
Dodging        | 4 |  4.0
Throwing       | |  2.0

Action                     |  1- 3 |  4- 6 || total
---------------------------+-------+-------++-------
  Melee: Broad axe         |    38 |    29 ||    67
         War axe           |     1 |       ||     1
         Headbutt          |     2 |     6 ||     8
    Use: Scroll            |     3 |     9 ||    12
 Armour: Leather armour    |     7 |     6 ||    13
         Chain mail        |       |     6 ||     6
  Dodge: Dodged            |    27 |    21 ||    48

Table legend: (Time is in decaauts)
 A = Elapsed time spent in this place.
 B = Non-inter-level travel time spent in this place.
 C = Inter-level travel time spent in this place.
 D = Time resting spent in this place.
 E = Time spent auto-exploring this place.
 F = Levels seen in this place.
 G = Mean time per level.
                   A        B        C        D        E       F      G
               +--------+--------+--------+--------+--------+-----+--------+
         Total |   2389 |   2340 |     49 |     33 |   1878 |   4 |  597.2 |
       Dungeon |   2389 |   2340 |     49 |     33 |   1878 |   4 |  597.2 |
               +--------+--------+--------+--------+--------+-----+--------+

Top non-repeatable levels by time:
     D:2: 852 daAuts
     D:3: 752 daAuts
     D:1: 657 daAuts
     D:4: 127 daAuts
